AoeStats
← Chus

Fortress

509648891Analyzed
2v2 RM · 5d ago on Sep 27, 2026· 57m 34s· 4 players
Game mode
Random Map
Map size
Normal (6 player)
Population
200
Speed
Normal
Resources
Standard
Victory
Conquest
Starting age
Dark Age
Ending age
Imperial Age
RankedLock teamsTeams togetherTeam positionsShared explorationLock speedFull tech treeHidden civsTurbo modeCheats
Victory
Defeat
🇺🇦 Byzantines · Ukraine
884
+15
🇺🇦 Britons · Ukraine
819
+19
🇧🇷 Franks · Brazil
869
-17
🇪🇸 Bohemians · Spain
863
-17
erny_152
7:30 Feudal Age
8:09 Double-Bit Axe
8:06 Horse Collar
12:51 Wheelbarrow
13:16 Forging
13:12 Loom
16:15 Castle Age
14:02 Town Watch
14:25 Scale Mail Armor
14:35 Gold Mining
16:16 Fletching
17:13 Hand Cart
17:04 Heavy Plow
17:31 Bow Saw
18:22 Pikeman
20:24 Bodkin Arrow
21:45 Stone Mining
22:53 Ballistics
23:19 Padded Archer Armor
23:59 Masonry
29:35 Imperial Age
27:46 Chain Mail Armor
27:34 Squires
28:37 Leather Archer Armor
29:03 Fortified Wall
30:40 Conscription
30:36 Bracer
32:15 Yeomen
32:41 Ring Archer Armor
32:42 Elite Longbowman
33:51 Halberdier
40:15 Plate Mail Armor
40:21 Iron Casting
46:59 Onager
51:18 Warwolf
53:53 Architecture
54:27 Chemistry
53:59 Architecture
56:47 Blast Furnace
yustas_art1
8:45 Feudal Age
9:15 Double-Bit Axe
9:27 Gold Mining
10:33 Stone Mining
14:11 Horse Collar
15:33 Loom
17:03 Forging
20:41 Castle Age
20:08 Fletching
20:21 Scale Mail Armor
21:22 Wheelbarrow
21:57 Bow Saw
23:21 Gold Shaft Mining
24:40 Light Cavalry
25:26 Husbandry
32:58 Imperial Age
35:40 Conscription
36:17 Hand Cart
35:43 Elite Skirmisher
38:39 Iron Casting
40:17 Light Cavalry
43:03 Onager
45:29 Chain Mail Armor
49:10 Hoardings
51:59 Plate Mail Armor
51:58 Scale Barding Armor
52:34 Bodkin Arrow
53:33 Ballistics
57:31 Heavy Plow
Chus
8:03 Feudal Age
7:31 Loom
9:20 Double-Bit Axe
13:07 Castle Age
12:03 Padded Archer Armor
11:53 Fletching
13:57 Bodkin Arrow
14:17 Leather Archer Armor
14:08 Town Watch
17:44 Bow Saw
24:33 Imperial Age
25:00 Chemistry
23:54 Elite Skirmisher
24:55 Horse Collar
26:20 Ballistics
32:41 Bracer
36:36 Heavy Plow
37:26 Wheelbarrow
40:32 Ring Archer Armor
40:03 Scale Mail Armor
40:13 Forging
40:03 Scale Mail Armor
43:26 Man-at-Arms
44:07 Squires
43:53 Arson
43:28 Pikeman
44:13 Crossbowman
44:47 Long Swordsman
44:48 Halberdier
47:18 Iron Casting
46:58 Chain Mail Armor
46:51 Two-Handed Swordsman
54:19 Hussite Reforms
54:22 Wagenburg Tactics
55:49 Fervor
55:40 Atonement
56:08 Sanctity
56:11 Redemption
rmoiana
4:07 Loom
9:05 Feudal Age
14:31 Castle Age
12:19 Double-Bit Axe
13:25 Gold Mining
18:08 Stone Mining
24:53 Forging
29:57 Imperial Age
27:38 Elite Skirmisher
29:21 Scale Mail Armor
30:14 Cavalier
31:34 Fletching
32:35 Scale Barding Armor
33:02 Conscription
33:03 Husbandry
33:42 Iron Casting
34:29 Bodkin Arrow
41:36 Padded Archer Armor
42:45 Wheelbarrow
Connection lost

Rejoining the realm…

Still unreachable

The connection could not be restored.

Session expired

The server has moved on; the page needs a fresh start.